 Dungeon Crawl Stone Soup version 0.29-a0-789-g7a8fcbc185 (webtiles) character file.

Game seed: 14526932467226920047

1291 polve the Agent of Entropy (level 8, -2/64 HPs)
             Began as a Demonspawn Abyssal Knight on July 2, 2022.
             Was a Priest of Lugonu.
             Slain by a wight
             ... wielding a +3 dagger
              (4 damage)
             ... on level 6 of the Dungeon.
             The game lasted 00:06:06 (6330 turns).

polve the Agent of Entropy (DsAK)                   Turns: 6330, Time: 00:06:07

Health: -2/64      AC:  6    Str: 17    XL:     8   Next: 30%
Magic:  14/14      EV: 11    Int: 11    God:    Lugonu [***...]
Gold:   218        SH:  0    Dex: 17    Spells: 7/7 levels left

rFire   + . .      SeeInvis .   u - +0 rapier
rCold   . . .      Faith    .   (no shield)
rNeg    + . .      Spirit   .   y - +2 robe {Archmagi}
rPois   .          Reflect  .   (helmet restricted)
rElec   .          Harm     .   (no cloak)
rCorr   .          Rampage  .   n - +1 pair of gloves
Will    .....      Archmagi +   (no boots)
Stlth   +++++.....              f - amulet of the acrobat
HPRegen 0.20/turn               b - ring of protection from fire
MPRegen 0.14/turn               v - ring of positive energy

@: hasted, very quick
A: horns 1, thin skeletal structure 2, ignite blood 1, spiny 1
a: Renounce Religion, Depart the Abyss, Bend Space, Banish


You were on level 6 of the Dungeon.
You worshipped Lugonu.
Lugonu was most pleased with you.
You visited 1 branch of the dungeon, and saw 6 of its levels.
You visited the Abyss 1 time.

You collected 218 gold pieces.

Inventory:

Hand Weapons
 u - a +0 rapier (weapon)
Missiles
 t - a throwing net
Armour
 n - a +1 pair of gloves (worn)
 s - the +0 ring mail of the Morning {Dex+5}
   (You found it on level 3 of the Dungeon)

   Dex:       It affects your dexterity (+5).
 y - a +2 robe of the Archmagi (worn)
Jewellery
 b - a ring of protection from fire (left hand)
 f - an amulet of the acrobat (around neck)
 v - a ring of positive energy (right hand)
Scrolls
 c - 2 scrolls of fear {unknown}
 d - a scroll of fog {unknown}
 e - 6 scrolls of identify {unknown}
 g - 4 scrolls of teleportation {unknown}
 h - 2 scrolls of poison {unknown}
 i - 3 scrolls of blinking {unknown}
 j - a scroll of enchant weapon {unknown}
 k - a scroll of enchant armour {unknown}
 o - 2 scrolls of immolation {unknown}
 q - a scroll of noise {unknown}
 w - a scroll of summoning {unknown}
Potions
 l - a potion of curing {unknown}
 m - a potion of lignification {unknown}
 p - a potion of degeneration {unknown}
 x - a potion of heal wounds {unknown}


   Skills:
 + Level 5.7 Fighting
 - Level 4.0 Short Blades
 - Level 1.7 Armour
 - Level 0.8 Dodging
 - Level 4.0 Stealth
 - Level 9.0 Invocations


You had 7 spell levels left.
You didn't know any spells.
Your spell library contained the following spells:

 Spells                   Type           Power      Damage    Failure   Level
 Apportation              Tloc           0%         N/A       34%         1
 Necrotize                Necr           0%         1d4       34%         1
 Call Canine Familiar     Summ           0%         N/A       71%         3
 Portal Projectile        Hex/Tloc       0%         N/A       71%         3
 Vampiric Draining        Necr           0%         2d6       71%         3
 Leda's Liquefaction      Hex/Erth       0%         N/A       98%         4
 Agony                    Necr           0%         N/A       100%        5
 Alistair's Intoxication  Tmut/Pois      0%         N/A       100%        5


Dungeon Overview and Level Annotations

Branches:
Dungeon (6/15)
 Temple: D:4-7

Altars:
Fedhas
Makhleb

Shops:
D:3 *


Innate Abilities, Weirdness & Mutations

You have a pair of small horns on your head.
You have a moderately thin skeletal structure. (Dex +4, Stealth++)
Your demonic aura sometimes causes spilled blood to erupt in flames.
You are partially covered in sharp spines.


Message History

The wight is almost destroyed.
The wight hits you with a +4 war axe!
* * * LOW HITPOINT WARNING * * *
You barely miss the wight. You headbutt the wight.
You destroy the wight!
Lugonu accepts your kill.
Your life force feels restored.
You hit the wight but do no damage. The wight hits you but does no damage.
You hit the wight but do no damage. You headbutt the wight.
The wight is moderately damaged.
The wight closely misses you.
You hit the wight but do no damage.
The wight is moderately damaged.
The wight hits you but does no damage.
You barely miss the wight.
You headbutt the wight, but do no damage.
The wight is moderately damaged.
The wight hits you with a +3 dagger.
* * * LOW HITPOINT WARNING * * *
You barely miss the wight.
The wight is moderately damaged.
The wight barely misses you.
You completely miss the wight.
The wight is moderately damaged.
The wight closely misses you.
You hit the wight but do no damage. Your headbutt misses the wight.
The wight is moderately damaged.
The wight is struck by your spines. The wight misses you.
You hit the wight but do no damage. Your headbutt misses the wight.
The wight is moderately damaged.
The wight hits you with a +3 dagger.
* * * LOW HITPOINT WARNING * * *
You closely miss the wight. You headbutt the wight.
The wight is heavily damaged.
The wight hits you with a +3 dagger!
* * * LOW HITPOINT WARNING * * *
The wight attacks as you move away! The wight hits you with a +3 dagger.
* * * LOW HITPOINT WARNING * * *
You feel yourself speed up. The wight hits you with a +3 dagger.
You die...

.......# .......#
.......# ########
.......# #......#
.......# #.####.##
.......# #.#..#..#
.......# #.#..#..###
.......###.#.......#
...).......##.##@###
#...#########.##z#
#...[.........##.#
#..#############)#
#..# #.# #..# #.#
#..####### #.#
#......... #.#
##.####### #.#


You could see a wight.

Vanquished Creatures
  Grinder (D:3)
  Sigmund (D:5)
  A black bear (D:4)
  A phantom (D:5)
  A necrophage (D:4)
  3 scorpions
  3 wights (D:6)
  A jelly (D:4)
  An orc priest (D:4)
  A hound (D:4)
  Jessica (D:3)
  2 orc wizards (D:4)
  10 adders
  3 gnolls (D:4)
  A white imp (D:6)
  A worm (D:2)
  2 dart slugs
  4 orcs
  12 ball pythons
  6 endoplasms
  2 giant cockroaches
  5 goblins
  7 hobgoblins
  5 jackals
  8 kobolds
  4 quokkas
  5 bats
  2 frilled lizards
  6 rats
100 creatures vanquished.

Notes
Turn   | Place    | Note
-------+----------+-------------------------------------------
     0 | Abyss:1  | polve the Demonspawn Abyssal Knight began the quest for the
                  | Orb.
     0 | Abyss:1  | Reached XP level 1. HP: 18/18 MP: 2/2
   159 | Abyss:1  | Found a corrupted altar of Lugonu.
   169 | Abyss:1  | Noticed a small abomination
   170 | D:1      | Escaped the Abyss
   285 | D:1      | Reached ** piety under Lugonu
   491 | D:1      | Gained mutation: You have a pair of small horns on your
                  | head. [demonic ancestry]
   491 | D:1      | Reached XP level 2. HP: 24/24 MP: 3/3
  1324 | D:1      | Gained mutation: You have a somewhat thin skeletal
                  | structure. (Dex +2, Stealth+) [demonic ancestry]
  1324 | D:1      | Reached XP level 3. HP: 26/29 MP: 4/4
  2090 | D:2      | Reached XP level 4. HP: 35/35 MP: 5/5
  2599 | D:3      | Noticed Jessica
  2608 | D:3      | Reached skill level 3 in Invocations
  2611 | D:3      | Killed Jessica
  2719 | D:3      | Reached skill level 4 in Invocations
  3017 | D:3      | Noticed Grinder
  3038 | D:3      | Killed Grinder
  3039 | D:3      | Reached skill level 6 in Invocations
  3039 | D:3      | Gained mutation: You have a moderately thin skeletal
                  | structure. (Dex +4, Stealth++) [demonic ancestry]
  3039 | D:3      | Reached XP level 5. HP: 9/41 MP: 7/10
  3039 | D:3      | Reached XP level 6. HP: 10/47 MP: 7/11
  3046 | D:3      | Reached skill level 7 in Invocations
  3362 | D:3      | Identified the +0 ring mail of the Morning {Dex+5}
  3659 | D:3      | Found Zath's Assorted Antiques.
  3789 | D:3      | Found a burning altar of Makhleb.
  4142 | D:4      | Reached skill level 8 in Invocations
  4157 | D:4      | Gained mutation: You are partially covered in sharp spines.
                  | [demonic ancestry]
  4157 | D:4      | Reached XP level 7. HP: 3/52 MP: 13/13
  4723 | D:4      | Reached skill level 9 in Invocations
  4729 | D:4      | Reached skill level 1 in Stealth
  5265 | D:5      | Entered Level 5 of the Dungeon
  5298 | D:5      | Reached *** piety under Lugonu
  5378 | D:5      | Found a blossoming altar of Fedhas.
  5616 | D:5      | Noticed Sigmund
  5618 | D:5      | Killed Sigmund
  5619 | D:5      | Gained mutation: Your demonic aura sometimes causes spilled
                  | blood to erupt in flames. [demonic ancestry]
  5619 | D:5      | Reached XP level 8. HP: 61/61 MP: 14/14
  6307 | D:6      | Reached skill level 5 in Fighting
  6327 | D:6      | HP: 3/64 [wight/+3 dagger (8)]
  6329 | D:6      | HP: 1/64 [wight/+3 dagger (2)]
  6330 | D:6      | Slain by a wight

Illustrated notes

Levels and vault maps discovered:
D:1:      giann_forest_graveyard, layout_loops_cross, st_stairs_2,
          feat_on_display
D:2:      layout_loops_cross, minmay_misc_feat_square
D:3:      layout_loops_ring, lightli_temple_of_fire, serial_shops,
          nicolae_shop_statue_plus, minmay_misc_feat_tiny, uniq_grinder,
          uniq_jessica
D:4:      layout_loops_corners
D:5:      layout_basic, fedhas_altar_2, uniq_sigmund
D:6:      cheibrodos_iron_armory, layout_basic, nicolae_overflow_hidden_temple,
          lemuel_zombie_altar_yredelemnul, minmay_temple_entry_glass,
          grunt_ministairs_14, uniq_eustachio

Skill      XL: |  1  2  3  4  5  6  7  8 |
---------------+-------------------------+-----
Short Blades   | 2 3 4 |  4.0
Invocations    | 6 8 9 |  9.0
Stealth        | 4 |  4.0
Fighting       | 4 5 |  5.7
Armour         | |  1.7
Dodging        | |  0.8

Action                   |  1- 3 |  4- 6 |  7- 9 || total
-------------------------+-------+-------+-------++-------
Melee: Short sword       |   120 |    83 |       ||   203
       Headbutt          |    15 |    19 |    23 ||    57
       Rapier            |       |    13 |    90 ||   103
       Punch             |       |     1 |       ||     1
Invok: Depart the Abyss  |     1 |       |       ||     1
  Use: Potion            |       |     1 |     1 ||     2
 Stab: Sleeping          |     4 |    11 |    11 ||    26
       Distracted        |       |     1 |       ||     1
Armor: Leather armour    |    49 |    12 |       ||    61
       Ring mail         |       |    12 |    12 ||    24
       Robe              |       |       |     9 ||     9
Dodge: Dodged            |   102 |    46 |    23 ||   171

Table legend: (Time is in decaauts)
 A = Elapsed time spent in this place.
 B = Non-inter-level travel time spent in this place.
 C = Inter-level travel time spent in this place.
 D = Time resting spent in this place.
 E = Time spent auto-exploring this place.
 F = Levels seen in this place.
 G = Mean time per level.
                   A        B        C        D        E       F      G
               +--------+--------+--------+--------+--------+-----+--------+
         Total |   6297 |   6064 |    233 |     21 |   5244 |   7 |  899.6 |
       Dungeon |   6127 |   5894 |    233 |     21 |   5077 |   6 | 1021.2 |
         Abyss |    170 |    170 |      0 |      0 |    167 |   1 |  170.0 |
               +--------+--------+--------+--------+--------+-----+--------+

Top non-repeatable levels by time:
     D:4: 1393 daAuts
     D:3: 1297 daAuts
     D:1: 1280 daAuts
     D:2: 1090 daAuts
     D:5: 862 daAuts
     D:6: 201 daAuts
 Abyss:1: 170 daAuts
